Unix NetHack Version 3.7.0-90 Work-in-progress - last build Dec 4 2023 15:25:40 (a4ad6ea61a8c493010e15c9251bbb19a34919cb7,branch:master). Game began 2023-12-05 22:20:09, ended 2023-12-06 07:56:22. elenmirie, neutral female human Priestess ---..-- .......- -------.--+-- .....)... a@..........----....{..... -----|---.-....[.......... ---..|.....%...- -...|-...---.- ------....---- --|--- |...|........| |....| |...---......-- |.%%%| |..........|..| ------ |.....|....|..----- --...----..|....|.---- ---- ---|.........|-- ---- ----.....-|.- # |..|---------.| ...|..- #[..--.........| -.....| 0#--[...)..------ ---..<| --------- --- Elenmirie the Adept St:10 Dx:11 Co:17 In:11 Wi:18 Ch:10 Neutral Dlvl:6 $:81 HP:0(58) Pw:108(108) AC:6 Xp:7/707 T:5140 Latest messages: You learn more about your items by comparing them. l - 8 uncursed +0 darts (13 in total). Coco misses it. The gnome hits! You miss the gnome. Coco bites the watchman. The gnome just misses! Coco misses the watchman. You kill the gnome! Coco misses the watchman. Coco misses the watchman. You have a little trouble lifting V - a blessed dwarvish mithril-coat. Your movements are slowed slightly because of your load. Coco bites the watchman. The watchman wields an uncursed knife! Coco bites the watchman. The watchman swings his knife at Coco. The watchman hits Coco. Coco misses the watchman. Coco misses the watchman. Coco misses it. You hear some noises in the distance. You hear a door open. You stop. Coco is in the way! You hear someone cursing shoplifters. The soldier ant bites! The soldier ant misses! You feel strong! Your movements are now unencumbered. You must have been exercising diligently. You hit the soldier ant! The soldier ant bites! The soldier ant stings! You hit the soldier ant! The soldier ant bites! The soldier ant stings! You kill the soldier ant! The soldier ant bites! The soldier ant stings! You feel more confident in your weapon skills. You hit the soldier ant! The soldier ant bites! The soldier ant stings! The soldier ant bites! You die... Do you want your possessions identified? [ynq] (y) y Do you want to see your attributes? [ynq] (y) y Do you want an account of creatures vanquished? [ynaq] (y) y Do you want to see your conduct and achievements? [ynq] (y) y Do you want to see the dungeon overview? [ynq] (y) y Inventory: Coins $ - 81 gold pieces Weapons l - 13 uncursed +0 darts a - a blessed +1 mace (weapon in right hand) Armor j - an uncursed +0 orcish helm (being worn) A - an uncursed +0 pair of gauntlets of dexterity (being worn) U - an uncursed +0 pair of gauntlets of dexterity i - a blessed +0 pair of jumping boots (being worn) c - an uncursed +0 small shield (being worn) V - a blessed +0 dwarvish mithril-coat Comestibles t - 2 uncursed cloves of garlic B - 3 uncursed food rations f - an uncursed sprig of wolfsbane Scrolls I - a cursed scroll of confuse monster C - a blessed scroll of create monster H - an uncursed scroll of enchant armor v - an uncursed scroll of enchant weapon R - a blessed scroll of food detection D - an uncursed scroll of food detection x - an uncursed scroll of gold detection G - 2 uncursed scrolls of identify k - a cursed scroll of identify S - an uncursed scroll of magic mapping s - an uncursed scroll of remove curse y - an uncursed scroll of scare monster r - an uncursed scroll of teleportation Potions u - an uncursed potion of gain ability E - an uncursed potion of hallucination J - an uncursed potion of healing P - a cursed potion of healing K - an uncursed potion of levitation w - an uncursed potion of restore ability d - 4 potions of holy water F - an uncursed potion of water Wands Q - an uncursed wand of create monster (0:12) O - an uncursed wand of speed monster (0:4) n - an uncursed wand of striking (0:6) N - an uncursed wand of undead turning (0:5) Tools o - an uncursed bell q - an uncursed credit card e - an uncursed skeleton key M - an uncursed skeleton key T - an uncursed tin whistle Elenmirie the Priestess's attributes: Background: You were an Adept, a level 7 human Priestess. You were neutral, on a mission for Chih Sung-tzu who was opposed by Shan Lai Ching (lawful) and Huan Ti (chaotic). You were right-handed. You were in the Gnomish Mines, on level 6. You entered the dungeon 5140 turns ago. You had 707 experience points, 573 more were needed to attain level 8. Basics: You had 0 out of 58 hit points. You had all 108 energy points (spell power). Your armor class was 6. Your wallet contained 81 zorkmids. Autopickup was on for '$' plus thrown. Final Characteristics: Your strength was 10 (limit:18/100). Your dexterity was 11 (limit:18). Your constitution was 17 (limit:18). Your intelligence was 11 (limit:18). Your wisdom was 18 (limit:18). Your charisma was 10 (limit:18). Final Status: You weren't hungry. You were unencumbered. You were wielding a mace. You were skilled in mace and could have enhanced that. Final Attributes: You were piously aligned. You were telepathic. You could jump. You are dead. Miscellaneous: You never encountered a bones level. Total elapsed playing time was 49 minutes and 54 seconds. Major events: Turn 1: elenmirie the neutral human Priestess entered the dungeon 987: attained the rank of Acolyte (level 3) 1007: entered the Gnomish Mines 4009: attained the rank of Adept (level 6) 4881: reached Mine Town 5140: killed by a soldier ant Vanquished creatures: a leprechaun a soldier ant an imp 2 Uruk-hai 3 rock piercers a rock mole a fog cloud a shrieker 3 gnome leaders a gnomish wizard an elf zombie a giant ant 2 floating eyes a kitten 8 dwarves a homunculus a rabid rat a giant bat 2 monkeys a werejackal 3 iguanas a coyote a gas spore 4 hobbits a hobgoblin a giant rat 3 cave spiders 2 yellow molds 34 gnomes 4 gnome zombies 2 geckos 8 jackals a fox 2 kobolds 3 goblins 5 sewer rats 2 grid bugs 5 lichens 2 kobold zombies 12 newts 130 creatures vanquished. No species were genocided or became extinct. Voluntary challenges: You read items or engraved 3 times. You never engraved Elbereth. You never genocided any monsters. You never polymorphed an object. You never changed form. You used no wishes. Achievements: You entered a shop. You attained the rank of Acolyte. You entered the Gnomish Mines. You attained the rank of Adept. You entered Minetown. The Dungeons of Doom: levels 1 to 6 Level 1: A fountain, a grave. Level 2: A scroll shop, a grave. Stairs down to The Gnomish Mines. Level 3: A delicatessen. Level 4: A scroll shop, an altar, a fountain, a sink. Level 5: A fountain, a sink. Level 6: A fountain. The Gnomish Mines: levels 3 to 6 Level 3: Level 4: Level 5: Level 6: <- You were here. A delicatessen, a fountain. Final resting place for you, killed by a soldier ant. Game over: ---------- / \ / REST \ / IN \ / PEACE \ / \ | elenmirie | | 81 Au | | killed by a | | soldier ant | | | | | | 2023 | *| * * * | * _________)/\\_//(\/(/\)/\//\/|_)_______ Goodbye elenmirie the Priestess... You died in The Gnomish Mines on dungeon level 6 with 3161 points, and 81 pieces of gold, after 5140 moves. You were level 7 with a maximum of 58 hit points when you died.